 Dungeon Crawl Stone Soup version 0.20.1-1-g8b1a95d (webtiles) character file.

289 Gargoyl the Skirmisher (level 6, -2/58 HPs)
             Began as a Minotaur Abyssal Knight on Aug 30, 2017.
             Was a Believer of Lugonu.
             Slain by a gnoll
             ... wielding a +1 halberd of flaming
              (13 damage)
             ... on level 3 of the Dungeon.
             The game lasted 00:04:53 (1555 turns).

Gargoyl the Skirmisher (Minotaur Abyssal Knight)    Turns: 1555, Time: 00:04:54

Health: -2/58      AC:  3    Str: 22      XL:     6   Next: 9%
Magic:  6/6        EV: 11    Int:  9      God:    Lugonu [**....]
Gold:   200        SH:  0    Dex:  8 (11) Spells: 5/5 levels left

rFire    . . .     SeeInvis .   a - +2 hand axe
rCold    . . .     Gourm    .   (no shield)
rNeg     . . .     Faith    .   b - +0 leather armour
rPois    .         Spirit   .   (helmet restricted)
rElec    .         Reflect  .   (no cloak)
rCorr    .         Harm     .   (no gloves)
MR       .....                  (no boots)
Stlth    +.........             (no amulet)
Regen    0.2/turn               (no ring)
MPRegen  0.1/turn               (no ring)

@: mighty, lethally poisoned (-2 -> -2)
A: retaliatory headbutt, horns 2
a: Depart the Abyss, Bend Space, Renounce Religion


You were on level 3 of the Dungeon.
You worshipped Lugonu.
Lugonu was pleased with you.
You were not hungry.

You visited 1 branch of the dungeon, and saw 5 of its levels.
You visited the Abyss 1 time.

You collected 200 gold pieces.

Inventory:

Hand Weapons
 a - a +2 hand axe (weapon)
Missiles
 m - 2 tomahawks of returning (quivered)
Armour
 b - a +0 leather armour (worn)
Jewellery
 h - an uncursed ring of poison resistance {unknown}
Wands
 d - a wand of acid (10/15)
 n - a wand of lightning (5/15)
 p - a wand of polymorph (13/24)
Scrolls
 e - a scroll of identify
Potions
 i - a potion of mutation {unknown}
 j - a potion of brilliance
 l - a potion of berserk rage {unknown}
Comestibles
 c - a bread ration
 g - 2 meat rations
 k - a royal jelly
 o - a chunk of flesh
 q - 4 fruits


   Skills:
 + Level 6.3 Fighting
 + Level 3.7 Axes
 * Level 3.9 Armour
 + Level 1.8 Dodging
 * Level 2.6 Invocations


You had 5 spell levels left.
You didn't know any spells.

Dungeon Overview and Level Annotations

Branches:
Dungeon (5/15)
 Temple: D:4-7

Altars:
Uskayaw
Vehumet

Annotations:
D:4 carl's ghost, amateur DsGl


Innate Abilities, Weirdness & Mutations

You reflexively headbutt those who attack you in melee.
You have a pair of horns on your head.


Message History

You feel sick.
It was a potion of might.
You feel very mighty all of a sudden. The adder bites you but does no damage.
You slash the adder!
You kill the adder!
Lugonu accepts your kill. The gnoll barely misses you.
You feel sick.
The gnoll hits you from afar with a spear.
The gnoll hits you with a halberd of flaming!
The gnoll burns you.
* * * LOW HITPOINT WARNING * * *
You see here an adder corpse.
You slash the gnoll!
The gnoll is almost dead.
The gnoll hits you from afar with a spear.
* * * LOW HITPOINT WARNING * * *
The gnoll hits you with a halberd of flaming!
You die...

######.#.#
#g.#### #.#.#####
#g..... #.......#
#.####.
#.##..#.###
######.#
#......#.......#
#...gg.#
#.#####....####.#
#g######
#....#..#.# #.#
#.._.#.(#.#
#g####
......#.(#@#
#....#
#.....####g#
####.#
.##......g## #.#
# ##.......# #g#
#. #######.# #g#
.# #.# #.# .##
#.# #####g# ..
#.# #.....# #.
#)# #.#####


You could see 2 dancing weapons and 2 gnolls.

Vanquished Creatures
  A ynoxinul (Abyss:1)
  Jessica (D:2)
  Natasha (D:2)
  An orc wizard (D:3)
  An adder (D:3)
  3 worms
  3 dart slugs (D:1)
  2 leopard geckos
  A ball python (D:2)
  2 giant cockroaches
  2 goblins (D:1)
  2 hobgoblins
  4 jackals (D:1)
  10 kobolds
  8 bats
  5 frilled lizards
  3 rats
50 creatures vanquished.

Notes
Turn   | Place    | Note
-------+----------+-------------------------------------------
     0 | Abyss:1  | Gargoyl the Minotaur Abyssal Knight began the quest for the Orb.
     0 | Abyss:1  | Reached XP level 1. HP: 19/19 MP: 1/1
     0 | Abyss:1  | Noticed a ynoxinul
     0 | Abyss:1  | Noticed an ancient zyme
     4 | Abyss:1  | Killed a ynoxinul
     4 | Abyss:1  | Reached skill level 5 in Fighting
     4 | Abyss:1  | Reached XP level 2. HP: 30/30 MP: 2/2
     4 | Abyss:1  | Reached XP level 3. HP: 37/37 MP: 3/3
     4 | Abyss:1  | Reached XP level 4. HP: 44/44 MP: 4/4
     4 | Abyss:1  | Reached XP level 5. HP: 50/50 MP: 5/5
     9 | D:1      | Escaped the Abyss
    53 | D:1      | Reached * piety under Lugonu
   590 | D:2      | Noticed Jessica
   595 | D:2      | Killed Jessica
   595 | D:2      | Reached skill level 6 in Fighting
   642 | D:2      | Noticed Natasha
   651 | D:2      | Killed Natasha
  1078 | D:2      | You fall through a shaft for 2 floors!
  1158 | D:4      | Noticed carl's ghost (amateur DsGl)
  1167 | D:5      | Entered Level 5 of the Dungeon
  1191 | D:3      | Noticed a dagger
  1191 | D:3      | Found a hide-covered altar of Uskayaw.
  1198 | D:3      | Noticed a dagger
  1318 | D:3      | Found a radiant altar of Vehumet.
  1340 | D:3      | Reached XP level 6. HP: 42/58 MP: 6/6
  1453 | D:3      | Reached ** piety under Lugonu
  1555 | D:3      | Slain by a gnoll

Skill      XL: |  1  2  3  4  5 |
---------------+----------------+-----
Fighting       | 5 6 |  6.3
Axes           | 3 |  3.7
Armour         | 3 |  3.9
Invocations    | 2 |  2.6
Dodging        | |  1.8

Action                   |  1- 3 |  4- 6 || total
-------------------------+-------+-------++-------
Melee: Hand axe          |       |   105 ||   105
       Headbutt          |       |    18 ||    18
Invok: Depart the Abyss  |       |     1 ||     1
Evoke: Wand              |     2 |     1 ||     3
  Use: Scroll            |       |     7 ||     7
       Potion            |       |     3 ||     3
  Eat: Chunk             |       |     2 ||     2
Armor: Leather armour    |       |    34 ||    34
Dodge: Dodged            |       |    89 ||    89
